 Dungeon Crawl Stone Soup version 0.22-a0-224-g8cf3520 (webtiles) character file.

94 Gorglomux the Ducker (level 4, -3/37 HPs)
             Began as a Minotaur Conjurer on Feb 19, 2018.
             Slain by an adder (4 damage)
             ... on level 3 of the Dungeon.
             The game lasted 00:01:45 (2453 turns).

Gorglomux the Ducker (Minotaur Conjurer)            Turns: 2453, Time: 00:01:46

Health: -3/37      AC:  3    Str: 14    XL:     4   Next: 38%
Magic:  5/5        EV: 10    Int: 12    God:
Gold:   76         SH:  7    Dex: 10    Spells: 4/5 levels left

rFire    . . .     SeeInvis .   k - +0 hand axe
rCold    . . .     Gourm    .   X - +0 shield
rNeg     . . .     Faith    .   a - +0 robe
rPois    .         Spirit   .   (helmet restricted)
rElec    .         Reflect  .   (no cloak)
rCorr    .         Harm     .   j - +0 pair of gloves
MR       .....                  (no boots)
Stlth    ++........             (no amulet)
HPRegen  0.12/turn              (no ring)
MPRegen  0.09/turn              (no ring)

@: lethally poisoned (-3 -> -15), flying
A: retaliatory headbutt, horns 2
a: no special abilities


You were on level 3 of the Dungeon.
You were not hungry.

You visited 1 branch of the dungeon, and saw 3 of its levels.

You collected 76 gold pieces.

Inventory:

Hand Weapons
 g - a +0 dagger
 k - a +0 hand axe (weapon)
Missiles
 f - 3 javelins (quivered)
 Z - 2 throwing nets
Armour
 a - a +0 robe (worn)
 j - a +0 pair of gloves (worn)
 X - a +0 shield (worn)
Scrolls
 d - 7 scrolls of identify {unknown}
 e - a scroll of remove curse {unknown}
 h - a scroll of fog {unknown}
 l - 4 scrolls of enchant weapon {unknown}
 n - a scroll of immolation {unknown}
 o - a scroll of blinking {unknown}
 p - a scroll of noise {unknown}
Comestibles
 b - 3 rations
 W - 5 chunks of flesh


   Skills:
 + Level 2.4 Fighting
 + Level 1.5 Axes
 + Level 2.4 Armour
 - Level 3.0 Dodging
 - Level 1.5 Stealth
 + Level 1.0 Shields
 - Level 1.3 Spellcasting
 - Level 2.9 Conjurations


You had 4 spell levels left.
You knew the following spells:

 Your Spells              Type           Power        Failure   Level  Hunger
a - Magic Dart            Conj           #...         45%         1    ##.....


Dungeon Overview and Level Annotations

Branches:
Dungeon (3/15)

Altars:
Hepliaklqana
The Shining One


Innate Abilities, Weirdness & Mutations

You reflexively headbutt those who attack you in melee.
You have a pair of horns on your head.


Message History

You feel sick! The adder butt-ly misses you! The adder closely misses you!
Your shield prevents you from hitting the adder!
Your headbutt misses the adder!
The adder is moderately wounded! * * * butt't die
* * * You feel butt!
You block the adder's attack! The adder bites you! * * * don't die
* * * You miss the adder!
You headbutt the adder!
The adder is severely wounded! * * * don't butt
* * * You feel sick!
The adder bites you! * * * butt't die
* * * You are more poisoned!
The adder poisons you!!!
It was a potion of flight!
You feel very buoyant!
You fly up into the air! * * * don't die
* * * You feel sick!
You block the adder's attack! The adder bites you! rip

#.# ####.#####.#
#..........#
#.##.########
#.##.###....#
#.##......... .
#.#######.#.#
....########.# #.#..
.....gS@.....# #....
......##################
....# ................
... ###....######## .
#.......#.....#
##.#.##..#.#.#.#
....>....#.#.#.#
##.#.#...#.#...# # #
#.#.#.#.###


You could see an adder and a goblin.

Vanquished Creatures
  A worker ant (D:3)
  3 adders (D:2)
  An ooze (D:3)
  A leopard gecko (D:2)
  4 giant cockroaches
  4 goblins
  5 hobgoblins
  5 jackals
  5 bats
  3 frilled lizards (D:1)
  2 kobolds
  6 rats
40 creatures vanquished.

Notes
Turn   | Place    | Note
-------+----------+-------------------------------------------
     0 | D:1      | Gorglomux the Minotaur Conjurer began the quest for the Orb.
     0 | D:1      | Reached XP level 1. HP: 14/14 MP: 1/1
   250 | D:1      | Reached skill level 1 in Fighting
   250 | D:1      | Reached skill level 1 in Armour
   351 | D:1      | Reached XP level 2. HP: 16/23 MP: 3/3
   563 | D:1      | You fall through a shaft!
   598 | D:2      | Found a hazy altar of Hepliaklqana.
  1456 | D:2      | Reached XP level 3. HP: 29/29 MP: 4/4
  1500 | D:2      | Reached skill level 3 in Dodging
  1600 | D:2      | Found a glowing golden altar of the Shining One.
  1859 | D:1      | Reached skill level 1 in Axes
  2163 | D:3      | Reached XP level 4. HP: 28/37 MP: 5/5
  2427 | D:3      | Reached skill level 1 in Shields
  2452 | D:3      | HP: 1/37 [adder (2)]
  2453 | D:3      | Slain by an adder

Vault maps used:
D:1:      dpeg_arrival_brainrot
D:2:      tso_oasis_becter, lemuel_doored_altar, first_ration,
          kennysheep_generic_room_3
D:3:      marbit_many_paths, uniq_ijyb, uniq_grinder

Skill      XL: |  1  2  3  4 |
---------------+-------------+-----
Fighting       | 1 2 |  2.4
Armour         | 1 2 |  2.4
Dodging        | 3 |  3.0
Axes           | 1 |  1.5
Shields        | 1 |  1.0
Stealth        | |  1.5
Spellcasting   | |  1.3
Conjurations   | |  2.9

Action                   |  1- 3 |  4- 6 || total
-------------------------+-------+-------++-------
Melee: Unarmed           |    44 |       ||    44
       Headbutt          |    10 |     3 ||    13
       Dagger            |    21 |       ||    21
       Hand axe          |    48 |    31 ||    79
Throw: Javelin           |     1 |       ||     1
  Use: Potion            |     2 |     1 ||     3
 Stab: Sleeping          |     2 |       ||     2
  Eat: Chunk             |     4 |     1 ||     5
Armor: Robe              |    26 |    13 ||    39
Dodge: Dodged            |    87 |    23 ||   110
Block: Shield            |     4 |    15 ||    19

Table legend:
 A = Spawn XP
 B = Non-spawn XP
 C = Spawn XP percentage of total XP
 D = Spawn monster count
 E = Non-spawn monster count
 F = Spawn count percentage of total count
 G = Total turns spent on level
                    A         B        C        D         E        F      G
               +---------+---------+-------+---------+---------+-------+---------
         Total |       0 |     135 |   0.0 |       0 |      40 |   0.0 |  2453
               +---------+---------+-------+---------+---------+-------+---------
           D:1 |       0 |      23 |   0.0 |       0 |      17 |   0.0 |   987
           D:2 |       0 |      59 |   0.0 |       0 |      14 |   0.0 |  1170
           D:3 |       0 |      53 |   0.0 |       0 |       9 |   0.0 |   296
               +---------+---------+-------+---------+---------+-------+---------
